 Dungeon Crawl Stone Soup version 0.29.1-13-g9f3cf754e1 (webtiles) character file.

Game seed: 6442279468891895600

19 theswoord the Chiller (level 2, -2/22 HPs)
             Began as a Naga Ice Elementalist on Feb 2, 2023.
             Slain by a jackal (3 damage)
             ... on level 1 of the Dungeon.
             The game lasted 00:01:26 (1117 turns).

theswoord the Chiller (Naga Ice Elementalist)       Turns: 1117, Time: 00:01:27

Health: -2/22      AC:  1    Str: 10    XL:     2   Next: 75%
Magic:  1/5        EV:  9    Int: 15    God:
Gold:   74         SH:  0    Dex: 11    Spells: 5/6 levels left

rFire   . . .      SeeInvis +   h - +0 spear
rCold   . . .      Faith    .   (no shield)
rNeg    . . .      Spirit   .   a - +0 robe
rPois   +          Reflect  .   (no helmet)
rElec   .          Harm     .   (no cloak)
rCorr   .          Rampage  .   (no gloves)
Will    .....                   (no barding)
Stlth   ++........              (no amulet)
HPRegen 0.07/turn               (no ring)
MPRegen 0.09/turn               (no ring)

@: short of breath, flying, very slow
A: AC +0, large, see invisible, deformed body, poison resistance, slowness 2,
spit poison 1, naga tail 1, subdued magic 1
a: Spit Poison


You were on level 1 of the Dungeon.
You visited 1 branch of the dungeon, and saw 2 of its levels.

You collected 74 gold pieces.

Inventory:

Hand Weapons
 h - a +0 spear (weapon)
Armour
 a - a +0 robe (worn)
Scrolls
 d - a scroll of identify {unknown}
 e - a scroll of enchant armour {unknown}
 i - a scroll of immolation {unknown}
Potions
 b - a potion of magic
 g - a potion of resistance {unknown}


   Skills:
 - Level 1.5 Dodging
 - Level 3.0 Stealth
 + Level 2.5 Spellcasting
 + Level 4.4 Ice Magic


You had 5 spell levels left.
You knew the following spells:

 Your Spells              Type           Power      Damage    Failure   Level
a - Freeze                Ice            44%        1d6       2%          1

Your spell library contained the following spells:

 Spells                   Type           Power      Damage    Failure   Level
 Frozen Ramparts          Ice            22%        1d4       9%          3
 Ozocubu's Armour         Ice            11%        N/A       9%          3
 Hailstorm                Conj/Ice       6%         3d4       58%         4


Dungeon Overview and Level Annotations

Branches:
Dungeon (2/15)

Altars:


Innate Abilities, Weirdness & Mutations

Your serpentine skin is tough. (AC +0)
You have supernaturally acute eyesight. (SInv)
Armour fits poorly on your strangely shaped body.
Your system is resistant to poisons. (rPois)
You cover ground very slowly.
You can spit poison.
You have a snake-like lower body.
Your spells are a little easier to cast, but a little less powerful.


Message History

A ball python comes into view.
You barely miss the hobgoblin. The hobgoblin hits you.
* * * LOW HITPOINT WARNING * * *
Casting: Freeze (safe; 3% risk of failure)
Confirm with . or Enter, or press ? or * to list all spells.
Aiming: Freeze (safe; 3% risk of failure)
Press: ? - help, Shift-Dir - straight line, f - hobgoblin
Aim: a hobgoblin You freeze the hobgoblin.
You kill the hobgoblin!
You don't have enough magic to cast this spell.
Aiming: Spit Poison (2% risk of failure)
Press: ? - help, Shift-Dir - straight line, f - jackal
Aim: a jackal (50% to hit)
The splash of poison misses the jackal.
The splash of poison misses the kobold.
The splash of poison hits the ball python!
The ball python is poisoned.
You kill the ball python!
The jackal bites you.
* * * LOW HITPOINT WARNING * * *
The jackal bites you.
* * * LOW HITPOINT WARNING * * *
Okay, then.
It was a potion of flight.
You feel very buoyant.
You fly up into the air.
The jackal bites you but does no damage.
Okay, then.
It was a potion of mutation.
You feel extremely strange.
Your connection to magic feels subdued.
The jackal bites you.
* * * LOW HITPOINT WARNING * * *
You hit the jackal.
The jackal is severely wounded.
The jackal barely misses you. The jackal bites you.
* * * LOW HITPOINT WARNING * * *
You hit the jackal but do no damage.
The jackal is severely wounded.
The jackal bites you.
You die...

######## #......# ###
#.####.#
######.######.####.#
#................#.#
##.##.....####.##.#.#
.........## #.##.#.#
####.####..#
#......##
.....Kh@...#
####.....
.⌠.8.####.## #..###
... #+# ##..# .
#...### #.....#
#...#.# #......
......... ###...#.#


You could see a jackal and a kobold.

Vanquished Creatures
  A giant cockroach (D:2)
  2 hobgoblins (D:1)
  7 jackals (D:1)
  2 ball pythons (D:1)
  A bat (D:1)
  3 frilled lizards
  2 rats (D:1)
18 creatures vanquished.

Notes
Turn   | Place    | Note
-------+----------+-------------------------------------------
     0 | D:1      | theswoord the Naga Ice Elementalist began the quest for the
                  | Orb.
     0 | D:1      | Reached XP level 1. HP: 15/15 MP: 3/3
   127 | D:1      | You fall into a shaft and drop 1 floor!
   672 | D:1      | Reached XP level 2. HP: 15/22 MP: 1/5
  1115 | D:1      | Gained mutation: Your spells are a little easier to cast,
                  | but a little less powerful. [potion of mutation]
  1116 | D:1      | HP: 1/22 [jackal (1)]
  1117 | D:1      | Slain by a jackal

Action                   || total
-------------------------++-------
Melee: Spear             ||    34
       Unarmed           ||     3
 Cast: Freeze            ||    17
 Abil: Spit Poison       ||     2
  Use: Potion            ||     2
 Stab: Sleeping          ||     1
Armor: Robe              ||     4
Dodge: Dodged            ||    21

Levels and vault maps discovered:
D:1:      evilmike_arrival_hilbert_curve, layout_loops_corners,
          hellmonk_ecumenical_altar_dog_temple, serial_shops, shop,
          amethyst_killhole
D:2:      layout_loops_ring, st_stairs_3, hangedman_decor_lopped
